 Dungeon Crawl Stone Soup version 0.26-a0-79-g47e9afce7f (webtiles) character file.

Game seed: 9958906415620124368

50383 vurker the Fighter (level 14, -8/118 HPs)
             Began as a Formicid Arcane Marksman on June 15, 2020.
             Was the Champion of Okawaru.
             Drowned by a drowned soul (15 damage)
             ... summoned by a merfolk avatar
             ... on level 6 of the Lair of Beasts.
             The game lasted 00:41:58 (22546 turns).

vurker the Fighter (Formicid Arcane Marksman)      Turns: 22546, Time: 00:41:59

Health: -8/118     AC: 27    Str: 25    XL:     14   Next: 97%
Magic:  0/20       EV: 13    Int: 12    God:    Okawaru [******]
Gold:   1006       SH: 18    Dex: 12    Spells: 15/15 levels left

rFire    . . .     SeeInvis +   l - +4 battleaxe (vorpal)
rCold    + . .     Gourm    .   K - +2 tower shield {rPois}
rNeg     + . .     Faith    .   F - +3 chain mail {rC+}
rPois    +         Spirit   +   (helmet unavailable)
rElec    .         Reflect  .   A - +2 ratskin cloak {+Rats rPois rN+ Str-1 Int-1 Dex+1}
rCorr    .         Harm     .   (no gloves)
MR       +....                  y - +1 pair of boots
Stlth    ..........             j - amulet of guardian spirit
HPRegen  0.29/turn              g - +4 ring of protection
MPRegen  0.17/turn              m - +6 ring of strength

@: heroism, finesse, mesmerised, very slow
A: permanent stasis, dig shafts and tunnels, four strong arms, antennae 3
a: Dig, Shaft Self, Heroism, Finesse, Renounce Religion, Evoke Ratskin


You were on level 6 of the Lair of Beasts.
You worshipped Okawaru.
Okawaru was exalted by your worship.
You were not hungry.

You visited 2 branches of the dungeon, and saw 18 of its levels.

You collected 1006 gold pieces.

Inventory:

Hand Weapons
 a - a +1 hand crossbow of freezing
 b - the +1 broad axe of Kaoxtoc {freeze, rElec MR+ Str+2}
   (Okawaru gifted it to you on level 2 of the Lair of Beasts)

   It has been specially enchanted to freeze those struck by it, causing extra
   injury to most foes and up to half again as much damage against particularly
   susceptible opponents.
   It can also slow down cold-blooded creatures.
   It affects your strength (+2).
   It insulates you from electricity.
   It affects your resistance to hostile enchantments.
 l - a +4 vorpal battleaxe (weapon)
   (You took it off Rupert on level 3 of the Lair of Beasts)
 w - a +4 battleaxe of flaming
   (You took it off a death knight on level 11 of the Dungeon)
Missiles
 x - 184 bolts
Armour
 y - a +1 pair of boots (worn)
   (You found it on level 1 of the Lair of Beasts)
 A - the +2 ratskin cloak (worn) {+Rats rPois rN+ Str-1 Int-1 Dex+1}
   (You found it on level 6 of the Dungeon)

   It affects your strength (-1).
   It affects your intelligence (-1).
   It affects your dexterity (+1).
   It protects you from poison.
   It protects you from negative energy.
 F - a +3 chain mail of cold resistance (worn)
   (You took it off Urug on level 11 of the Dungeon)
 K - a +2 tower shield of poison resistance (worn)
   (Okawaru gifted it to you on level 6 of the Lair of Beasts)
Jewellery
 g - a +4 ring of protection (left hand)
   (You found it on level 4 of the Dungeon)
 j - an amulet of guardian spirit (around neck)
   (You found it on level 1 of the Dungeon)
 m - a +6 ring of strength (right hand)
   (You found it on level 2 of the Dungeon)
 q - an uncursed ring of ice
   (You found it on level 5 of the Dungeon)
 L - an uncursed ring of positive energy
   (You found it on level 6 of the Lair of Beasts)
Wands
 c - a wand of disintegration (6)
   (You took it off an orc on level 8 of the Dungeon)
 s - a wand of polymorph (12)
   (You found it on level 5 of the Dungeon)
 t - a wand of flame (20)
   (You found it on level 4 of the Lair of Beasts)
 u - a wand of paralysis (16)
   (You found it on level 10 of the Dungeon)
 v - a wand of digging (6)
   (You found it on level 8 of the Dungeon)
 J - a wand of clouds (5)
   (You found it on level 5 of the Lair of Beasts)
Scrolls
 d - 5 scrolls of magic mapping
 h - 9 scrolls of remove curse
 i - 3 scrolls of immolation
 o - 3 scrolls of fear
 r - 5 scrolls of enchant weapon
 B - a scroll of summoning
 D - a scroll of identify
 E - a scroll of enchant armour
 G - a scroll of fog
 M - a scroll of silence
Potions
 f - a potion of mutation
 k - 5 potions of curing
 n - a potion of lignification
 p - 4 potions of flight
 z - 2 potions of invisibility
 C - a potion of might
 H - a potion of magic
Comestibles
 e - 37 rations
 I - 3 chunks of flesh


   Skills:
 + Level 13.4(18.4) Fighting
 * Level 10.7(15.7) Axes
 - Level 10.0(15.0) Crossbows
 + Level 11.4(16.4) Armour
 + Level 9.9(14.9) Dodging
 + Level 1.6(6.6) Shields
 - Level 1.1 Spellcasting
   Level 3.6 Hexes
 - Level 8.0 Invocations


You had 15 spell levels left.
You didn't know any spells.
Your spell library contained the following spells:

 Spells                   Type           Power        Failure   Level  Hunger
 Corona                   Hex            #......      83%         1    ##.....
 Slow                     Hex            #.......     93%         2    ###....
 Ensorcelled Hibernation  Hex/Ice        #.....       99%         2    ###....
 Confusing Touch          Hex            #.......     99%         3    ####...
 Tukima's Dance           Hex            #.......     99%         3    ####...
 Animate Skeleton         Necr           N/A          100%        1    ##.....
 Apportation              Tloc           #.....       100%        1    ##.....
 Foxfire                  Conj/Fire      #...         100%        1    ##.....
 Freeze                   Ice            #...         100%        1    ##.....
 Pain                     Necr           #...         100%        1    ##.....
 Summon Small Mammal      Summ           #...         100%        1    ##.....
 Call Imp                 Summ           #.......     100%        2    ###....
 Call Canine Familiar     Summ           #.......     100%        3    ####...
 Dazzling Flash           Conj/Hex       #.....       100%        3    ####...
 Frozen Ramparts          Ice            #.....       100%        3    ####...
 Inner Flame              Hex/Fire       #.......     100%        3    ####...
 Ozocubu's Armour         Chrm/Ice       #.......     100%        3    ####...
 Portal Projectile        Hex/Tloc       #.....       100%        3    ####...
 Summon Guardian Golem    Hex/Summ       #.......     100%        3    ####...
 Vampiric Draining        Necr           #.........   100%        3    ####...
 Animate Dead             Necr           N/A          100%        4    #####..
 Cause Fear               Hex            #.........   100%        4    #####..
 Hailstorm                Conj/Ice       #.......     100%        4    #####..
 Leda's Liquefaction      Hex/Erth       #.........   100%        4    #####..
 Summon Ice Beast         Ice/Summ       #.......     100%        4    #####..
 Summon Lightning Spire   Summ/Air       #.......     100%        4    #####..
 Agony                    Necr           #.......     100%        5    ######.
 Dragon Form              Tmut           #.........   100%        7    #######
 Dragon's Call            Summ           #.........   100%        9    #######


Dungeon Overview and Level Annotations

Branches:
Dungeon (12/15)            Temple (0/1) D:5            Lair (6/6) D:8
 Shoals (0/4) Lair:2        Snake (0/4) Lair:2        Slime (0/5) Lair:5
    Orc (0/2) D:10

Altars:
Makhleb
Okawaru
Trog
Uskayaw
Xom

Shops:
D:4 }???   D:8 [   D:9 :

Annotations:
D:10 2 transporters, bmj180's ghost, novice DrCj
Lair:5 exclusion: oklob plant
Lair:6 3 runed translucent doors, slayr's ghost, journeyman DrEE


Innate Abilities, Weirdness & Mutations

You cannot be hasted, slowed, berserked, paralysed or teleported.
You can dig through walls and to a lower floor.
Your four strong arms can wield two-handed weapons with a shield.
You have a pair of large antennae on your head. (SInv)


Message History

You closely miss the merfolk avatar. You barely miss the drowned soul.
You block the drowned soul's attack.
The merfolk avatar chants its luring song.
The drowned soul touches you. The drowned soul drowns you!
* * * LOW HITPOINT WARNING * * *
You gain the combat prowess of a mighty hero.
The merfolk avatar chants its luring song.
Your unstable footing causes you to fumble your attack.
The merfolk avatar chants its luring song.
The drowned soul touches you. The drowned soul drowns you!
* * * LOW HITPOINT WARNING * * *
You can now deal lightning-fast blows.
Your unstable footing causes you to fumble your attack.
The merfolk avatar chants its luring song.
You slice the merfolk avatar!! You slash the drowned soul!
You barely miss the drowned soul. The drowned soul touches you.
The drowned soul drowns you!
* * * LOW HITPOINT WARNING * * *
You block the drowned soul's attack.
Unknown command.
You barely miss the merfolk avatar.
Your shield and chain mail prevent you from hitting the drowned soul.
You closely miss the merfolk avatar. You slice the drowned soul!!
You destroy the drowned soul!
The merfolk avatar chants its luring song.
You barely miss the merfolk avatar. You miss the drowned soul.
You block the drowned soul's attack.
Your unstable footing causes you to fumble your attack.
You slash the merfolk avatar! You slash the drowned soul!
You block the drowned soul's attack.
The merfolk avatar chants its luring song.
You hear a bellow!
Your unstable footing causes you to fumble your attack.
You block the drowned soul's attack.
Your unstable footing causes you to fumble your attack.
The merfolk avatar chants its luring song.
You slash the merfolk avatar! You slash the drowned soul! x2
You hit the drowned soul. You block the drowned soul's attack.
Your unstable footing causes you to fumble your attack.
The shadowy forms in the deep grow still as others approach.
The drowned soul touches you. The drowned soul drowns you!
* * * LOW HITPOINT WARNING * * *
The drowned soul touches you. The drowned soul drowns you!
* * * LOW HITPOINT WARNING * * *
The merfolk avatar chants its luring song.
You closely miss the merfolk avatar. You closely miss the drowned soul. x2
The drowned soul touches you.
* * * LOW HITPOINT WARNING * * *
The drowned soul drowns you!
You die...

##.P^.≈#.≈≈# ≈
≈≈#≈≈##.... .......≈≈≈≈#
P≈ #≈≈ ≈.≈..
P.....≈≈≈≈P#############
.......#.≈≈#8≈≈≈≈≈≈≈≈≈P8
......≈#.≈≈#≈≈P≈≈≈≈≈≈≈≈≈
...P#..≈≈≈≈#≈≈≈≈≈≈P≈≈P≈≈
.......≈≈≈≈.≈#≈≈?|$$P≈#≈
#..##.≈##≈#.≈≈≈≈"m≈=≈≈Y≈
####...#.≈≈.≈#≈≈@W≈[≈≈#
♣ #...≈≈≈≈≈.≈#≈≈($)$≈≈≈≈
♣##....≈≈≈≈#≈≈≈≈≈≈≈≈≈≈≈≈
♣#....≈##≈≈#≈≈≈≈≈≈≈≈≈≈≈≈
##....≈##≈≈#≈≈≈≈≈≈≈≈≈≈≈8
##Y#..≈≈≈≈≈#####≈≈≈≈####
.#m#...≈≈≈≈ ≈≈≈≈≈≈
.Y#...≈# ≈≈88≈≈≈
..h...§#


You could see a merfolk avatar (mesmerising), a catoblepas and a drowned soul
(summoned).

Vanquished Creatures
  Rupert (Lair:3)
  Snorg (Lair:4)
  7 hydras
  A death knight (D:11)
  2 two-headed ogres
  6 death yaks (Lair:2)
  Urug (D:11)
  2 sea snakes (Lair:6)
  A lindwurm (Lair:4)
  13 elephants
  11 spiny frogs
  4 black mambas
  A gargoyle (D:12)
  4 rime drakes
  A freezing wraith (D:11)
  6 komodo dragons
  7 polar bears
  5 blink frogs
  3 hornets
  5 hippogriffs
  A slime creature (Lair:5)
  A snapping turtle (Lair:2)
  2 dream sheep (D:9)
  35 yaks
  2 basilisks
  7 wyverns
  5 wraiths
  A hungry ghost (D:11)
  Edmund (D:5)
  4 nagas (Lair:2)
  13 water moccasins
  6 porcupines
  6 orc warriors
  An ice beast (D:7)
  2 black bears
  3 phantoms
  4 sky beasts
  A necrophage (D:6)
  6 ogres
  11 wolves
  5 centaurs
  14 crocodiles
  5 big kobolds
  15 bullfrogs
  2 scorpions
  3 wights
  5 howler monkeys
  2 electric eels (Lair:5)
  2 crimson imps
  4 centaur zombies
  A bullfrog zombie (D:7)
  A bullfrog skeleton (D:6)
  6 orc wizards
  5 orc priests
  2 centaur skeletons
  A hound (D:6)
  6 jellies
  2 iguanas
  3 hell rats (D:6)
  15 worker ants
  A hound zombie (D:9)
  7 gnolls
  11 adders
  4 river rats (D:6)
  A shadow imp (D:9)
  2 adder skeletons
  3 worms
  A dart slug (D:1)
  3 leopard geckos
  40 orcs
  2 ball pythons
  5 giant cockroaches
  10 goblins
  11 hobgoblins
  5 jackals
  3 quokkas
  9 bats
  6 frilled lizards
  A jackal skeleton (D:5)
  22 kobolds
  2 quokka skeletons
  A quokka zombie (D:9)
  21 rats
  A bush (Lair:6)
  2 fungi (Lair:4)
  6 plants
473 creatures vanquished.

Vanquished Creatures (others)
  A bush (Lair:2)
  14 fungi
  27 plants
42 creatures vanquished.

Grand Total: 515 creatures vanquished

Notes
Turn   | Place    | Note
-------+----------+-------------------------------------------
     0 | D:1      | vurker the Formicid Arcane Marksman began the quest for the
                  | Orb.
     0 | D:1      | Reached XP level 1. HP: 15/15 MP: 2/2
   216 | D:1      | Reached XP level 2. HP: 21/21 MP: 3/3
   759 | D:1      | Reached XP level 3. HP: 26/27 MP: 4/4
   982 | D:1      | Reached skill level 2 in Fighting
  1208 | D:2      | Found an iron altar of Okawaru.
  1219 | D:2      | Became a worshipper of Warmaster Okawaru
  1776 | D:2      | Reached XP level 4. HP: 33/33 MP: 5/5
  1799 | D:2      | Reached skill level 1 in Invocations
  2424 | D:3      | Reached XP level 5. HP: 24/39 MP: 3/6
  2646 | D:3      | You fall into a shaft and drop 2 floors!
  2646 | D:5      | Entered Level 5 of the Dungeon
  2660 | D:5      | Noticed an ogre
  2665 | D:5      | Killed an ogre
  2665 | D:5      | Reached skill level 3 in Fighting
  2665 | D:5      | Reached XP level 6. HP: 47/47 MP: 7/7
  2693 | D:5      | Noticed a sky beast
  2704 | D:5      | Killed a sky beast
  2848 | D:4      | Found Xetton's Gadget Emporium.
  2922 | D:4      | Reached * piety under Okawaru
  2922 | D:4      | Reached skill level 5 in Crossbows
  2940 | D:4      | Reached XP level 7. HP: 53/53 MP: 9/9
  2951 | D:4      | Found Kaffedigg's Magic Scroll Shoppe.
  3011 | D:4      | Reached skill level 4 in Fighting
  3227 | D:4      | Found Adatefej's Magic Scroll Shoppe.
  3999 | D:4      | Found Quenuc's Magic Scroll Emporium.
  4062 | D:4      | Reached ** piety under Okawaru
  4162 | D:4      | Reached XP level 8. HP: 53/61 MP: 9/11
  4494 | D:5      | Noticed Edmund
  4505 | D:5      | Killed Edmund
  4509 | D:5      | Reached skill level 5 in Fighting
  4787 | D:5      | Found a burning altar of Makhleb.
  4790 | D:5      | Found a hide-covered altar of Uskayaw.
  4793 | D:5      | Found a shimmering altar of Xom.
  4850 | D:5      | Found a staircase to the Ecumenical Temple.
  5003 | D:6      | Reached skill level 5 in Invocations
  5285 | D:6      | Reached *** piety under Okawaru
  5486 | D:6      | Reached XP level 9. HP: 68/68 MP: 13/13
  6199 | D:6      | Found the +2 ratskin cloak {+Rats rPois rN+ Str-1 Int-1
                  | Dex+1}
  6305 | D:7      | Reached skill level 6 in Fighting
  6363 | D:7      | Received a gift from Okawaru
  7054 | D:7      | Reached skill level 7 in Fighting
  7739 | D:7      | Reached XP level 10. HP: 76/78 MP: 12/15
  8648 | D:8      | Received a gift from Okawaru
  8648 | D:8      | Reached **** piety under Okawaru
  8648 | D:8      | Reached skill level 10 in Crossbows
  8982 | D:8      | Reached skill level 1 in Armour
  9243 | D:8      | Found a staircase to the Lair.
  9270 | D:8      | Reached skill level 8 in Fighting
  9538 | D:8      | Found Itopp's Armour Shoppe.
 10431 | D:9      | Found Etuono's Book Boutique.
 11009 | D:9      | Reached skill level 9 in Fighting
 11046 | D:9      | Reached ***** piety under Okawaru
 11049 | D:9      | Reached XP level 11. HP: 75/88 MP: 14/17
 11148 | D:9      | Noticed a three-headed hydra
 11166 | D:9      | Killed a three-headed hydra
 11166 | D:9      | Reached skill level 5 in Armour
 11422 | D:10     | Entered Level 10 of the Dungeon
 11440 | D:10     | Received a gift from Okawaru
 11474 | D:10     | Found a transporter.
 11478 | D:10     | Noticed a moth of wrath
 11478 | D:10     | Noticed a cyclops
 11492 | D:10     | Found a transporter.
 11492 | D:10     | Noticed a two-headed ogre
 11500 | D:10     | Found a bloodstained altar of Trog.
 11515 | D:10     | Noticed bmj180's ghost (novice DrCj)
 11545 | D:10     | Reached skill level 5 in Dodging
 11585 | D:10     | Noticed a deep troll
 11626 | D:10     | Noticed a two-headed ogre
 11644 | D:10     | Killed a two-headed ogre
 11644 | D:10     | Received a gift from Okawaru
 11644 | D:10     | Reached skill level 10 in Fighting
 12137 | D:10     | Found a staircase to the Orcish Mines.
 12470 | D:11     | Noticed a death knight
 12843 | D:11     | Noticed Urug
 12852 | D:11     | Killed Urug
 12852 | D:11     | Received a gift from Okawaru
 13049 | D:11     | Noticed a two-headed ogre
 13055 | D:11     | Killed a two-headed ogre
 13055 | D:11     | Received a gift from Okawaru
 13118 | D:11     | You fall into a shaft and drop 1 floor!
 13415 | D:12     | Reached XP level 12. HP: 96/98 MP: 16/18
 13461 | D:12     | Got a turquoise-encrusted chain mail
 13472 | D:12     | Identified the +0 chain mail of Hedge Wizardry {rC++ Int-4
                  | Dex+4} (You found it on level 12 of the Dungeon)
 13805 | D:11     | Killed a death knight
 13805 | D:11     | Received a gift from Okawaru
 13805 | D:11     | Reached skill level 11 in Fighting
 14049 | D:11     | Reached skill level 1 in Axes
 14366 | Lair:1   | Entered Level 1 of the Lair of Beasts
 14415 | Lair:1   | Received a gift from Okawaru
 15429 | Lair:1   | Reached ****** piety under Okawaru
 15655 | Lair:2   | Found a staircase to the Snake Pit.
 15887 | Lair:2   | Received a gift from Okawaru
 15893 | Lair:2   | Got a bloodstained broad axe {god gift}
 15894 | Lair:2   | Identified the +1 broad axe of Kaoxtoc {freeze, rElec MR+
                  | Str+2} (Okawaru gifted it to you on level 2 of the Lair of
                  | Beasts)
 15960 | Lair:2   | Noticed a death yak
 15960 | Lair:2   | Noticed a death yak
 15961 | Lair:2   | Noticed a death yak
 15961 | Lair:2   | Noticed a death yak
 15961 | Lair:2   | Noticed a death yak
 15988 | Lair:2   | Noticed a death yak
 15989 | Lair:2   | Killed a death yak
 15996 | Lair:2   | Killed a death yak
 16003 | Lair:2   | Killed a death yak
 16003 | Lair:2   | Reached skill level 5 in Axes
 16017 | Lair:2   | Killed a death yak
 16017 | Lair:2   | Reached XP level 13. HP: 57/106 MP: 8/19
 16025 | Lair:2   | Received a gift from Okawaru
 16442 | Lair:2   | Found a staircase to the Shoals.
 16616 | Lair:2   | Reached skill level 12 in Fighting
 16914 | Lair:2   | Noticed an eight-headed hydra
 16922 | Lair:2   | Killed a four-headed hydra
 17170 | Lair:2   | Noticed a five-headed hydra
 17182 | Lair:2   | Killed a one-headed hydra
 17523 | Lair:2   | Noticed an eight-headed hydra
 17534 | Lair:2   | Killed a two-headed hydra
 17534 | Lair:2   | Reached skill level 10 in Armour
 17734 | Lair:3   | Noticed Rupert
 17759 | Lair:3   | Killed Rupert
 18105 | Lair:3   | Received a gift from Okawaru
 18181 | Lair:3   | Noticed a six-headed hydra
 18195 | Lair:3   | Killed a one-headed hydra
 18766 | Lair:4   | Reached XP level 14. HP: 109/116 MP: 17/20
 19045 | Lair:4   | Noticed Snorg
 19058 | Lair:4   | Killed Snorg
 20156 | Lair:5   | Found a staircase to the Slime Pits.
 20911 | Lair:6   | Entered Level 6 of the Lair of Beasts
 21069 | Lair:5   | Reached skill level 13 in Fighting
 21171 | Lair:6   | Found a runed translucent gate.
 21171 | Lair:6   | Found a runed translucent gate.
 21171 | Lair:6   | Found a runed translucent gate.
 21171 | Lair:6   | Noticed slayr's ghost (journeyman DrEE)
 21213 | Lair:6   | Reached skill level 10 in Axes
 21883 | Lair:6   | Received a gift from Okawaru
 22143 | Lair:6   | Reached skill level 1 in Shields
 22546 | Lair:6   | Drowned by a drowned soul

Illustrated notes

Levels and vault maps discovered:
D:1:      nagdon_arrival_zigzag_paths, layout_basic, serial_corexii_hall,
          corexii_hall_statues_l, chequers_hall_statues_corner_a,
          minmay_misc_feat_doors
D:2:      layout_basic, kennysheep_okawaru_gauntlet
D:3:      layout_basic
D:4:      layout_basic, serial_shops, nicolae_shop_statue_plus, shop_fountains,
          shop_statue, nicolae_shop_crystal, enter_ossuary_1, first_ration
D:5:      layout_loops_ring, grunt_temple_overflow_diamond,
          minmay_temple_entry_overgrown, uniq_edmund
D:6:      wander_guarded_unrand_ratskin, layout_basic
D:7:      layout_layer_cave, minmay_between
D:8:      layout_gridville, dpeg_oklobed_lair, special_room [special_room_orc],
          serial_shops, shop_fountains
D:9:      layout_basic, serial_shops, nicolae_shop_window_shopping,
          hangedman_ranch [blue_anna_fruit_fields], minmay_misc_feat_chi,
          minmay_variable_closet
D:10:     layout_small_grid, orc_0_dummy, gammafunk_ghost_wrathful_warriors
D:11:     layout_loops_ring, uniq_urug
D:12:     layout_basic
Lair:1:   layout_regular_city
Lair:2:   layout_regular_city, minmay_shoals_entry_hut,
          minmay_snake_entry_guardpost_large
Lair:3:   layout_misc_corridors, serial_bayou_pond_c, uniq_rupert
Lair:4:   layout_roguey, infiniplex_staircase_pool_2, grunt_megastairs_4,
          uniq_snorg
Lair:5:   layout_cave_shapes, minmay_slime_entry_pillars,
          minmay_lair_oklob_bushes, minmay_hedge_maze, infiniplex_staircase_pool
Lair:6:   gammafunk_lair_ancient_temple, layout_misc_corridors,
          gauntlet_entry_generic, gammafunk_ghost_hydra_chop

Skill      XL: |  1  2  3  4  5  6  7  8  9 10 11 12 13 14 |
---------------+-------------------------------------------+-----
Crossbows      | 3 4 5 6 7 9 10 | 10.0
Fighting       | 2 3 4 5 7 9 10 11 12 13 | 13.4
Invocations    | 1 2 3 4 5 7 8 |  8.0
Armour         | 4 7 9 10 11 | 11.4
Dodging        | 4 6 7 9 |  9.9
Axes           | 5 8 10 | 10.7
Shields        | 1 |  1.6
Spellcasting   | |  1.1
Hexes          | |  3.6

Action                   |  1- 3 |  4- 6 |  7- 9 | 10-12 | 13-15 || total
-------------------------+-------+-------+-------+-------+-------++-------
Melee: Short sword       |    72 |       |       |       |       ||    72
       Dagger            |    46 |   105 |   283 |   238 |       ||   672
       Punch             |       |       |       |     2 |     4 ||     6
       Battleaxe         |       |       |       |   126 |   311 ||   437
       Broad axe         |       |       |       |    53 |   171 ||   224
 Fire: Hand crossbow     |    30 |    39 |   170 |   399 |    27 ||   665
Invok: Heroism           |       |       |     8 |     9 |    10 ||    27
       Finesse           |       |       |       |     3 |     3 ||     6
 Abil: Dig               |       |       |     2 |     1 |       ||     3
Evoke: Wand              |       |       |       |       |     3 ||     3
  Use: Scroll            |       |     5 |    11 |    13 |     6 ||    35
       Potion            |       |       |       |       |     1 ||     1
 Stab: Sleeping          |     1 |       |       |       |       ||     1
  Eat: Chunk             |     3 |     4 |    15 |    24 |    11 ||    57
       Ration            |       |       |       |     1 |     3 ||     4
Armor: Robe              |     2 |       |       |       |       ||     2
       Chain mail        |    75 |    69 |   174 |   202 |   401 ||   921
       Plate armour      |       |       |       |   189 |       ||   189
Dodge: Dodged            |    71 |    53 |   147 |   322 |   458 ||  1051
Block: Tower shield      |       |       |       |       |    71 ||    71

Table legend:
 A = Non-vault XP
 B = Vault XP
 C = Vault XP percentage of total XP
 D = Non-vault monster count
 E = Vault monster count
 F = Vault count percentage of total count
                 A         B        C        D         E       F
            +---------+---------+-------+---------+---------+-------
      Total |   53787 |   18189 |  25.3 |     372 |      92 |  19.8
            +---------+---------+-------+---------+---------+-------
        D:1 |      38 |       0 |   0.0 |      23 |       0 |   0.0
        D:2 |      64 |       4 |   5.9 |      22 |       2 |   8.3
        D:3 |     102 |       0 |   0.0 |      29 |       0 |   0.0
        D:4 |     608 |       0 |   0.0 |      19 |       0 |   0.0
        D:5 |     383 |     173 |  31.1 |       6 |       1 |  14.3
        D:6 |     663 |     167 |  20.1 |      16 |      21 |  56.8
        D:7 |    1459 |     519 |  26.2 |      23 |      11 |  32.4
        D:8 |     866 |     327 |  27.4 |      13 |      11 |  45.8
        D:9 |    1299 |    2159 |  62.4 |      29 |       8 |  21.6
       D:10 |    2641 |       0 |   0.0 |      18 |       0 |   0.0
       D:11 |    4522 |     851 |  15.8 |      26 |       1 |   3.7
       D:12 |    1959 |       0 |   0.0 |      16 |       0 |   0.0
     Lair:1 |    3011 |       0 |   0.0 |      14 |       0 |   0.0
     Lair:2 |   14788 |     905 |   5.8 |      40 |       5 |  11.1
     Lair:3 |    4108 |    3097 |  43.0 |      17 |       1 |   5.6
     Lair:4 |    4081 |    1698 |  29.4 |      14 |       5 |  26.3
     Lair:5 |    1906 |    1003 |  34.5 |      11 |       6 |  35.3
     Lair:6 |   11289 |    7286 |  39.2 |      36 |      20 |  35.7
            +---------+---------+-------+---------+---------+-------
